[Event "8. Wunsiedel Festival 2014"]
[Site "Wunsiedel"]
[Date "2014.05.29"]
[Round "1"]
[White "Glinzer, Christoph"]
[Black "Romanov, Evgeny"]
[Result "0-1"]
[ECO "B43"]
[WhiteElo "2082"]
[BlackElo "2639"]
[Annotator "Robot 6"]
[PlyCount "86"]
[EventDate "2014.??.??"]
[EventCountry "GER"]
[TimeControl "40/5400+30:900+30"]

1. e4 c5 2. Nf3 e6 3. d4 cxd4 4. Nxd4 a6 5. Nc3 b5 6. Bd3 Qb6 7. Nb3 Qc7 8. O-O
Nf6 9. f4 b4 10. Ne2 Bb7 11. e5 Nd5 12. Ng3 Be7 13. Ne4 O-O 14. Rf3 f5 15. exf6
Nxf6 16. Nxf6+ Rxf6 17. Rh3 g6 18. Be3 Nc6 19. Nc5 Bxc5 20. Bxc5 Qxf4 21. Qe1
a5 22. Be3 Qe5 23. Qh4 Rf7 24. Rf1 Raf8 25. Rxf7 Rxf7 26. Bc1 Qd5 27. Qe4 Qxe4
28. Bxe4 Nd4 29. Re3 Ba6 30. Bd3 Bxd3 31. cxd3 d6 32. b3 e5 33. Bb2 Nb5 34. Re4
Rc7 35. Rc4 Kf7 36. Kf2 Ke6 37. Ke3 d5 38. Rxc7 d4+ 39. Kd2 Nxc7 40. a3 Kd5 41.
axb4 axb4 42. Bc1 e4 43. dxe4+ Kxe4 0-1

[Event "8. Wunsiedel Festival 2014"]
[Site "Wunsiedel"]
[Date "2014.05.29"]
[Round "1"]
[White "Tasdelen, Deniz Murat"]
[Black "Delchev, Aleksander"]
[Result "0-1"]
[ECO "B42"]
[WhiteElo "2077"]
[BlackElo "2628"]
[Annotator "Robot 6"]
[PlyCount "84"]
[EventDate "2014.??.??"]
[EventCountry "GER"]
[TimeControl "40/5400+30:900+30"]

1. e4 c5 2. Nf3 e6 3. d4 cxd4 4. Nxd4 a6 5. Bd3 Nf6 6. Qe2 d6 7. Be3 Nbd7 8.
Nd2 b6 9. c3 Bb7 10. f3 Qc7 11. g4 Nc5 12. Bc2 d5 13. g5 Nh5 14. f4 Nxf4 15.
Bxf4 Qxf4 16. O-O-O dxe4 17. Rhf1 Qc7 18. Nxe4 O-O-O 19. Kb1 b5 20. Rde1 Rd7
21. Nxc5 Bxc5 22. Be4 Bxd4 23. cxd4 Qd6 24. Rc1+ Kb8 25. Bxb7 Rxb7 26. Qe4 Rd8
27. Qxh7 Qxd4 28. Rfd1 Qxd1 29. Rxd1 Rxd1+ 30. Kc2 Rd5 31. Qxg7 Rc7+ 32. Kb3
Rd3+ 33. Kb4 Rc4+ 34. Ka5 Ra4+ 35. Kb6 Rd6+ 36. Kc5 Kc7 37. Qxf7+ Rd7 38. Qxe6
Rc4+ 39. Qxc4 bxc4 40. h4 Rh7 41. Kd5 Rxh4 42. Ke6 Rh2 0-1

[Event "8. Wunsiedel Festival 2014"]
[Site "Wunsiedel"]
[Date "2014.05.29"]
[Round "1"]
[White "Nisipeanu, Liviu-Dieter"]
[Black "Wilfert, Andre"]
[Result "1-0"]
[ECO "E76"]
[WhiteElo "2691"]
[BlackElo "2084"]
[Annotator "Robot 6"]
[PlyCount "71"]
[EventDate "2014.??.??"]
[EventCountry "GER"]
[TimeControl "40/5400+30:900+30"]

1. d4 Nf6 2. c4 g6 3. Nc3 Bg7 4. e4 d6 5. f4 O-O 6. Nf3 c5 7. d5 e5 8. fxe5
dxe5 9. Bg5 Nbd7 10. Qd2 Qa5 11. Bd3 Nh5 12. O-O f6 13. Be3 g5 14. a3 Qd8 15.
b4 b6 16. d6 Nf4 17. Nd5 Ne6 18. Bc2 Bb7 19. Ba4 Nd4 20. Bxd4 Bxd5 21. exd5
exd4 22. Bc6 Rb8 23. Qe2 Ne5 24. Nxe5 fxe5 25. d7 Qe7 26. Qg4 Rf6 27. Rxf6 Bxf6
28. Rf1 Rf8 29. bxc5 bxc5 30. Qe4 Bg7 31. d6 Rxf1+ 32. Kxf1 Qf6+ 33. Ke2 Bf8
34. Qf3 d3+ 35. Kxd3 Qxd6+ 36. Qd5+ 1-0

[Event "8. Wunsiedel Festival 2014"]
[Site "Wunsiedel"]
[Date "2014.05.29"]
[Round "1"]
[White "Sumets, Andrey"]
[Black "Troyke, Doreen"]
[Result "1-0"]
[ECO "B90"]
[WhiteElo "2633"]
[BlackElo "2081"]
[Annotator "Robot 6"]
[PlyCount "49"]
[EventDate "2014.??.??"]
[EventCountry "GER"]
[TimeControl "40/5400+30:900+30"]

1. e4 c5 2. Nf3 d6 3. d4 cxd4 4. Nxd4 Nf6 5. Nc3 a6 6. Be3 e5 7. Nb3 Be7 8. h3
Be6 9. Qf3 Nbd7 10. g4 h6 11. O-O-O b5 12. Kb1 Qc7 13. Qg2 Rc8 14. f4 exf4 15.
Bxf4 Ne5 16. Nd4 Nc4 17. Bxc4 Qxc4 18. Nxe6 Qxe6 19. Rhe1 Nd7 20. Ne2 Ne5 21.
Nd4 Qf6 22. Rf1 Rc4 23. b3 Rc7 24. Bxe5 Qxe5 25. Rf5 1-0